 Dungeon Crawl Stone Soup version 0.31-a0-37-g98a128e1d9 (webtiles) character file.

Game seed: 15869953883780984997

14 subawu the Chopper (level 2, -7/28 (29) HPs)
             Began as a Gnoll Chaos Knight on May 16, 2023.
             Was a Plaything of Xom.
             Engulfed by a steam dragon's steam (8 damage)
             ... on level 2 of the Dungeon.
             The game lasted 00:03:23 (692 turns).

subawu the Chopper (Gnoll Chaos Knight)              Turns: 692, Time: 00:03:24

HP:   -7/28 (29)    AC:  8    Str: 17      XL:     2   Next: 45%
MP:   2/2           EV: 12    Int: 11      God:    Xom [..*...]
Gold: 47            SH:  0    Dex: 10 (11) Spells: 1/1 levels left

rFire   . . .        a - +0 hand axe (chaos)
rCold   . . .        (no shield)
rNeg    . . .        b - +2 leather armour
rPois   .            (no helmet)
rElec   .            (no cloak)
rCorr   .            k - +2 pair of gloves
SInv    .            (no boots)
Will    .....        (no amulet)
Stlth   +            e - +6 ring of strength
HPRegen 0.24/turn    (no ring)
MPRegen 0.08/turn

%: no passive effects
@: lightly drained
A: fangs 1, strong nose, distributed training
a: Renounce Religion


You were on level 2 of the Dungeon.
You worshipped Xom.
You were a toy of Xom.
You visited 1 branch of the dungeon, and saw 2 of its levels.

You collected 47 gold pieces.

Inventory:

Hand Weapons
 a - a +0 hand axe of chaos (weapon)
 d - a +0 dagger
Missiles
 j - 6 stones
Armour
 b - a +2 leather armour (worn)
 k - a +2 pair of gloves (worn)
Jewellery
 e - a +6 ring of strength (left hand)
 i - a ring of fire
Scrolls
 g - a scroll of identify {unknown}
Potions
 f - a potion of lignification {unknown}
 h - a potion of might {unknown}
Miscellaneous
 c - a piece from Xom's chessboard (14/15) (quivered)


   Skills:
 + Level 6.5 Fighting
 + Level 0.4 Short Blades
 + Level 0.4 Long Blades
 + Level 6.5 Axes
 + Level 0.4 Maces & Flails
 + Level 0.4 Polearms
 + Level 0.4 Staves
 + Level 0.4 Ranged Weapons
 + Level 0.4 Throwing
 + Level 4.5 Armour
 + Level 2.5 Dodging
 + Level 0.4 Stealth
 + Level 0.4 Shields
 + Level 0.4 Unarmed Combat
 + Level 0.4 Spellcasting
 + Level 0.2 Conjurations
 + Level 0.2 Hexes
 + Level 0.2 Summonings
 + Level 0.2 Necromancy
 + Level 0.2 Translocations
 + Level 0.2 Transmutations
 + Level 0.2 Fire Magic
 + Level 0.2 Ice Magic
 + Level 0.2 Air Magic
 + Level 0.2 Earth Magic
 + Level 0.2 Poison Magic
 + Level 0.5 Invocations
 + Level 0.4 Evocations


You had one spell level left.
You didn't know any spells.
Your spell library contained the following spells:

 Spells                   Type           Power      Damage    Failure   Level
 Magic Dart               Conj           0%         1d3       36%         1
 Call Imp                 Summ           0%         N/A       50%         2
 Mephitic Cloud           Conj/Pois/Air  0%         N/A       73%         3


Dungeon Overview and Level Annotations

Branches:
Dungeon (2/15)

Altars:

Shops:
D:1 *


Innate Abilities, Weirdness & Mutations

You have very sharp teeth.
Your uncanny sense of smell can sniff out nearby items.
Your experience applies equally to all skills.


Message History

Look: a steam dragon (moderately wounded, unusually resistant)
You make a move on Xom's chessboard...
The bat struggles to resist.
You are engulfed in a cloud of scalding steam.
The bat misses you. The steam dragon barely misses you.
The steam dragon claws you.
You hit the steam dragon but do no damage.
The steam dragon is moderately wounded.
You hit the bat but do no damage.
The bat is poisoned. "Serve the mortal, my child!"
The bat hits you but does no damage.
A quokka comes into view.
The steam dragon closely misses you.
The steam dragon claws you but does no damage.
You closely miss the steam dragon.
The steam dragon is moderately wounded.
The bat hits you.
The steam dragon bites you but does no damage.
The steam dragon closely misses you.
You hit the steam dragon.
The steam dragon is moderately wounded.
You are engulfed in a cloud of scalding steam.
You kill the bat!
An adder comes into view.
The steam dragon breathes steam at you. The ball of steam hits you!
* * * LOW HITPOINT WARNING * * *
You barely miss the steam dragon.
The steam dragon is moderately wounded.
The steam dragon misses you. The steam dragon barely misses you.
You hit the steam dragon but do no damage.
The steam dragon is moderately wounded.
The steam dragon breathes steam at you. The ball of steam hits you!
* * * LOW HITPOINT WARNING * * *
Your iron imp misses the steam dragon.
You barely miss the steam dragon.
The steam dragon is moderately wounded.
You are engulfed in a cloud of scalding steam.
You die...
Xom roars with laughter!

##.........
##..........
#...........
###...........
.............
#...........
#..5.......
#§§@D......
#..<.......
.....#.r†......
...............
.........S.....
...............
...............
.............<.
.....$.."......


You could see a steam dragon (resistant, catching breath, ally target), an
adder, a quokka and a friendly iron imp (summoned).

Vanquished Creatures
  2 dart slugs (D:1)
  2 ball pythons (D:1)
  A giant cockroach (D:1)
  A goblin (D:1)
  A hobgoblin (D:1)
  A quokka (D:2)
  2 bats
10 creatures vanquished.

Notes
Turn   | Place    | Note
-------+----------+-------------------------------------------
     0 | D:1      | subawu the Gnoll Chaos Knight began the quest for the Orb.
     0 | D:1      | Reached XP level 1. HP: 23/23 MP: 1/1
   270 | D:1      | Reached XP level 2. HP: 29/29 MP: 2/2
   279 | D:1      | Found Obue's Assorted Antiques.
   421 | D:1      | XOM: silly message
   572 | D:1      | XOM: cloud trail
   666 | D:1      | XOM: stat loss: -1 Dex (10/11)
   683 | D:2      | a worm changed into a steam dragon
   683 | D:2      | Noticed a steam dragon
   687 | D:2      | XOM: summons friendly iron imp
   691 | D:2      | HP: 1/28 [steam dragon/ball of steam (7)]
   692 | D:2      | Engulfed by a steam dragon's steam

Illustrated notes

Levels and vault maps discovered:
D:1:      minmay_arrival_solitary_statue, layout_rooms, serial_shops,
          nicolae_shop_overgrown_old_shop
D:2:      layout_rooms, basic_altar, nicolae_figureground_pulse

Action                     || total
---------------------------++-------
  Melee: Hand axe          ||    36
         Bite              ||     3
  Evoke: Piece from Xom's  ||     1
    Use: Scroll            ||     1
   Stab: Paralysed         ||     1
 Armour: Leather armour    ||    14
  Dodge: Dodged            ||    32

Table legend: (Time is in decaauts)
 A = Elapsed time spent in this place.
 B = Non-inter-level travel time spent in this place.
 C = Inter-level travel time spent in this place.
 D = Time resting spent in this place.
 E = Time spent auto-exploring this place.
 F = Levels seen in this place.
 G = Mean time per level.
                   A        B        C        D        E       F      G
               +--------+--------+--------+--------+--------+-----+--------+
         Total |    690 |    690 |      0 |     74 |    180 |   2 |  345.0 |
       Dungeon |    690 |    690 |      0 |     74 |    180 |   2 |  345.0 |
               +--------+--------+--------+--------+--------+-----+--------+

Top non-repeatable levels by time:
     D:1: 675 daAuts
     D:2: 15 daAuts
